 Dungeon Crawl Stone Soup version 0.29.1-1-gd02db6906a (webtiles) character file.

Game seed: 11591686752644331938

161 GigaChad the Covered (level 5, 0/48 HPs)
             Began as a Minotaur Fighter on Oct 14, 2022.
             Was an Initiate of Okawaru.
             Slain by a gnoll
             ... wielding a +0 flail
              (12 damage)
             ... on level 4 of the Dungeon on Oct 15, 2022.
             The game lasted 00:06:57 (2657 turns).

GigaChad the Covered (Minotaur Fighter)             Turns: 2657, Time: 00:06:58

Health: 0/48       AC:  7    Str: 22    XL:     5   Next: 18%
Magic:  4/4        EV:  9    Int:  5    God:    Okawaru [......]
Gold:   110        SH:  4    Dex: 10    Spells: 4/4 levels left

rFire   . . .      SeeInvis .   a - +0 flail
rCold   . . .      Faith    +   c - +0 buckler
rNeg    . . .      Spirit   .   b - +0 scale mail
rPois   .          Reflect  .   (helmet restricted)
rElec   .          Harm     .   (no cloak)
rCorr   .          Rampage  .   (no gloves)
Will    .....                   (no boots)
Stlth   ..........              u - amulet of faith
HPRegen 0.16/turn               (no ring)
MPRegen 0.09/turn               (no ring)

@: no status effects
A: horns 2, retaliatory headbutt
a: Renounce Religion


You were on level 4 of the Dungeon.
You worshipped Okawaru.
Okawaru was noncommittal.
You visited 1 branch of the dungeon, and saw 4 of its levels.

You collected 110 gold pieces.

Inventory:

Hand Weapons
 a - a +0 flail (weapon)
Armour
 b - a +0 scale mail (worn)
 c - a +0 buckler (worn)
 o - a +0 chain mail
 q - a +0 chain mail
Jewellery
 r - a ring of willpower
 u - an amulet of faith (around neck)
Scrolls
 e - 2 scrolls of poison
 g - 2 scrolls of identify
 i - a scroll of magic mapping
 k - a scroll of enchant weapon {unknown}
 n - 2 scrolls of immolation {unknown}
 s - a scroll of teleportation {unknown}
Potions
 d - a potion of might
 f - 2 potions of heal wounds {unknown}
 h - a potion of flight {unknown}
 j - 2 potions of degeneration {unknown}
 l - a potion of haste {unknown}
 m - a potion of lignification {unknown}
 p - a potion of resistance {unknown}
 t - a potion of cancellation {unknown}
 v - a potion of invisibility {unknown}


   Skills:
 + Level 5.1 Fighting
 - Level 3.0 Maces & Flails
 + Level 5.2 Armour
 - Level 0.1 Stealth
 + Level 4.4 Shields


You had 4 spell levels left.
You didn't know any spells.
Your spell library contained the following spells:

 Spells                   Type           Power      Damage    Failure   Level
 Foxfire                  Conj/Fire      0%         2x1d4     86%         1
 Conjure Flame            Conj/Fire      0%         6-21      99%         3
 Inner Flame              Hex/Fire       0%         N/A       99%         3
 Flame Wave               Conj/Fire      0%         2d4       100%        4


Dungeon Overview and Level Annotations

Branches:
Dungeon (4/15)
 Temple: D:4-7

Altars:
Okawaru

Shops:
D:3 [

Annotations:
D:4 Grinder


Innate Abilities, Weirdness & Mutations

You have a pair of horns on your head.
You reflexively headbutt those who attack you in melee.


Message History

The gnoll moves out of view.
You hit the gnoll.
The gnoll is lightly wounded.
The gnoll hits you with a +0 halberd!
You sock the gnoll! You headbutt the gnoll.
The gnoll is severely wounded.
The gnoll barely misses you. The gnoll closely misses you.
You furiously retaliate!
You headbutt the gnoll.
A kobold comes into view. It is wielding a +0 club.
The kobold shouts!
You hit the gnoll but do no damage. You headbutt the gnoll.
You kill the gnoll!
Okawaru accepts your kill. You block the gnoll's attack.
The gnoll closely misses you. The gnoll misses you.
The gnoll hits you from afar with a +0 spear.
The endoplasm hits you but does no damage.
Things that are here:
a +0 halberd; 2 throwing nets You sock the gnoll!
You headbutt the gnoll.
The gnoll is almost dead.
The gnoll hits you with a +0 flail! You block the gnoll's attack.
An ogre comes into view. It is wielding a +0 giant spiked club.
Grinder comes into view.
The endoplasm hits you but does no damage.
The endoplasm barely misses you.
The gnoll hits you from afar with a +0 spear.
The endoplasm freezes you.
You are frozen.
The gnoll hits you with a +0 flail.
You hit the endoplasm. You headbutt the endoplasm.
You kill the endoplasm!
Okawaru accepts your kill. The gnoll closely misses you.
The gnoll hits you from afar with a +0 spear.
A ball python comes into view.
The gnoll hits you with a +0 flail.
* * * LOW HITPOINT WARNING * * *
The gnoll barely misses you. The gnoll hits you with a +0 flail!
You die...

.## .S.. ####
...5.##..#
...O.gg).#######
.....##g.......#
.....##.@......#
.......<.$.....#
...[......?....#
.#####....>....#
#..#..#####
.......#
..........
.......##...
....... ...


You could see Grinder, 3 gnolls and a ball python (wandering).

Vanquished Creatures
  Jessica (D:2)
  Robin (D:3)
  A gnoll (D:4)
  5 adders
  A worm (D:3)
  2 dart slugs (D:3)
  4 bats
  8 endoplasms
  10 goblins
  10 hobgoblins
  3 quokkas
  4 ball pythons
  2 frilled lizards (D:3)
  3 kobolds
  4 rats (D:1)
59 creatures vanquished.

Notes
Turn   | Place    | Note
-------+----------+-------------------------------------------
     0 | D:1      | GigaChad the Minotaur Fighter began the quest for the Orb.
     0 | D:1      | Reached XP level 1. HP: 19/19 MP: 0/0
    87 | D:1      | Found a faded altar of an unknown god.
   509 | D:1      | Reached XP level 2. HP: 26/27 MP: 1/1
  1155 | D:2      | Reached XP level 3. HP: 33/33 MP: 2/2
  1263 | D:2      | Noticed Jessica
  1267 | D:2      | Killed Jessica
  1268 | D:2      | Reached XP level 4. HP: 37/41 MP: 3/3
  1327 | D:2      | Found an iron altar of Okawaru.
  1335 | D:2      | Became a worshipper of Warmaster Okawaru
  1942 | D:3      | Reached skill level 5 in Fighting
  2095 | D:3      | Found Nafod's Antique Armour Boutique.
  2140 | D:3      | Noticed Robin
  2163 | D:3      | Killed Robin
  2523 | D:3      | Reached skill level 5 in Armour
  2523 | D:3      | Reached XP level 5. HP: 39/48 MP: 4/4
  2653 | D:4      | Noticed an ogre
  2653 | D:4      | Noticed Grinder
  2657 | D:4      | Slain by a gnoll

Illustrated notes

Levels and vault maps discovered:
D:1:      kennysheep_arrival_forest, layout_basic,
          shapermc_ecumenical_altar_venn
D:2:      layout_loops_ring, basic_altar, uniq_jessica
D:3:      layout_basic, lemuel_coloured_pillars_altar, serial_shops,
          nicolae_shop_trees, uniq_robin, uniq_natasha
D:4:      layout_rooms, mainiacjoe_overflow_alcove_4, uniq_grinder

Skill      XL: |  1  2  3  4 |
---------------+-------------+-----
Armour         | 4 5 |  5.2
Fighting       | 4 5 |  5.1
Shields        | 4 |  4.4
Maces & Flails | 3 |  3.0
Stealth        | |  0.1

Action                   |  1- 3 |  4- 6 || total
-------------------------+-------+-------++-------
Melee: Flail             |    49 |    75 ||   124
       Headbutt          |     8 |    16 ||    24
  Use: Scroll            |     1 |     2 ||     3
Armor: Scale mail        |    22 |    52 ||    74
Dodge: Dodged            |    31 |    54 ||    85
Block: Buckler           |    10 |    22 ||    32
